[Event "WYCC 2018 G16"]
[Site "Halkidiki"]
[Date "2018.10.21"]
[Round "3"]
[White "Servin-Demarrais, Helena"]
[Black "Sankova, Stella"]
[Result "0-1"]
[ECO "B90"]
[WhiteElo "1540"]
[BlackElo "2051"]
[Annotator "NA"]
[PlyCount "96"]
[EventDate "2018.10.20"]
[EventType "swiss"]
[EventCountry "GRE"]
[SourceTitle "playchess.com"]
[Source "ChessBase"]
[SourceQuality "1"]
[TimeControl "40/5400+30:1800+30"]

1. e4 c5 2. Nf3 d6 3. d4 cxd4 4. Nxd4 Nf6 5. Nc3 a6 6. f3 e5 7. Nb3 Be6 8. Be3 h5 9. Qd2 Nbd7 10. Be2 Rc8 11. O-O Be7 12. Nd5 Bxd5 13. exd5 Nb6 14. Bxb6 Qxb6+ 15. Kh1 O-O 16. c4 h4 17. Bd3 Nh5 18. Rae1 g6 19. f4 Bf6 20. fxe5 Bxe5 21. c5 Qc7 22. Qg5 Bxb2 23. Re7 Qd8 24. cxd6 Qxd6 25. Rxb7 Bf6 26. Qh6 Bg7 27. Qg5 h3 28. gxh3 Bf6 29. Qg2 Nf4 30. Qf3 Nxd3 31. Qxf6 Qxd5+ 32. Qf3 Qc4 33. Rd1 Rcd8 34. Rf1 Ne5 35. Qg2 Rd3 36. Re1 Nf3 37. Rf1 Nh4 38. Qg4 Qd5+ 39. Kg1 Qxb7 40. Qxh4 Qb6+ 41. Kh1 Qe3 42. Re1 Qxh3 43. Qxh3 Rxh3 44. Nc5 Ra3 45. Ra1 Rc8 46. Nb3 Rc2 47. Nd4 Rcxa2 48. Rxa2 Rxa2 0-1

[Event "WYCC 2018 G16"]
[Site "Halkidiki"]
[Date "2018.10.21"]
[Round "3"]
[White "Sild, Marta Pauliine"]
[Black "Skaslien, Ingrid"]
[Result "0-1"]
[ECO "B07"]
[WhiteElo "1394"]
[BlackElo "1885"]
[Annotator "NA"]
[PlyCount "140"]
[EventDate "2018.10.20"]
[EventType "swiss"]
[EventCountry "GRE"]
[SourceTitle "playchess.com"]
[Source "ChessBase"]
[SourceQuality "1"]
[TimeControl "40/5400+30:1800+30"]

1. e4 d6 2. d4 Nf6 3. Nc3 Nbd7 4. f4 e5 5. Nf3 exd4 6. Nxd4 g6 {[%emt 0:01:21] B07: Pirc Defence: Miscellaneous Systems} 7. Bd3 (7. Be2 Bg7 8. O-O O-O 9. Bf3 Re8 10. h3 c6 11. Kh1 Qc7 12. a4 a5 13. b3 Nc5 14. Re1 {0-1 (30) Volokitin,A (2628)-Bortnyk,O (2610) Riadh 2017}) 7... Bg7 8. O-O Nc5 9. Nf3 O-O 10. h3 $146 ({Predecessor:} 10. Qe1 Re8 11. Qh4 Nxd3 12. cxd3 Nh5 13. Qf2 f5 14. Re1 {1-0 (45) Lutz,K (2286)-Hauke,C (2192) Germany 2015}) 10... Re8 11. Re1 Be6 12. Ng5 h6 13. Nxe6 Nxe6 14. Qf3 Nd4 15. Qg3 Nd7 16. f5 Ne5 17. fxg6 fxg6 18. Rf1 Rf8 19. Bf4 Kh7 20. Rad1 c6 21. Be3 Nxd3 22. cxd3 Qe7 23. Rxf8 Rxf8 24. Rf1 Be5 25. Qg4 h5 26. Qd1 Rf7 27. b3 b6 28. Ne2 Rxf1+ 29. Kxf1 Qf6+ 30. Kg1 Nxe2+ 31. Qxe2 Bd4 32. Bxd4 Qxd4+ 33. Kf1 Kg7 34. Qc2 c5 35. Ke2 Kf6 36. Qd2 Qe5 37. Kf3 g5 38. Qc1 h4 39. Ke2 Ke7 40. Kd1 Qg3 41. Qd2 Ke6 42. Qc2 Qe3 43. Qd2 Qg3 44. Qe2 Ke5 45. Kd2 Kd4 46. Kc2 a6 47. Qf1 {[%emt 0:00:35] [#]} Ke3 $1 48. Kc3 b5 49. a3 a5 50. a4 b4+ 51. Kc4 Kd2 52. Qb1 Qe5 53. Kb5 Qc3 54. Kxa5 Qxd3 55. Qxd3+ Kxd3 56. Kb6 c4 57. a5 cxb3 58. a6 b2 59. a7 b1=Q 60. a8=Q Qg1+ 61. Kc7 Qxg2 (61... Qc5+ $142 62. Kd7 b3) 62. Qd5+ Ke3 63. Kxd6 Qd2 (63... Qxe4 $142 64. Qa2 Qd3+ 65. Ke7 b3) 64. e5 Qxd5+ 65. Kxd5 b3 66. e6 b2 67. e7 b1=Q 68. e8=Q+ Kf3 69. Qh5+ Kf2 70. Qxg5 Qb5+ 0-1

[Event "WYCC 2018 G16"]
[Site "Halkidiki"]
[Date "2018.10.22"]
[Round "4"]
[White "Solozhenkina, Elizaveta"]
[Black "Peycheva, Gergana"]
[Result "1/2-1/2"]
[ECO "E20"]
[WhiteElo "2276"]
[BlackElo "2152"]
[Annotator "NA"]
[PlyCount "83"]
[EventDate "2018.10.20"]
[EventType "swiss"]
[EventCountry "GRE"]
[SourceTitle "playchess.com"]
[Source "ChessBase"]
[SourceQuality "1"]
[TimeControl "40/5400+30:1800+30"]

1. d4 Nf6 2. c4 e6 3. Nc3 Bb4 4. f3 b6 5. e4 {[%emt 0:02:29] E20: Nimzo-Indian: 4 g3 and 4 f3} Bxc3+ 6. bxc3 Nc6 7. Be3 $146 ({Predecessor:} 7. Bd3 Ba6 8. Nh3 Na5 9. Qe2 d6 10. Bg5 h6 11. Bh4 g5 12. Bf2 e5 13. Be3 {0-1 (59) Volkov,S (2659)-Savchenko,B (2577) Krasnoyarsk 2007}) 7... Ba6 8. e5 Ng8 9. Bd3 Na5 10. Qe2 d6 11. f4 Qd7 12. Nf3 Ne7 13. Nd2 d5 14. O-O dxc4 15. Nxc4 Bxc4 16. Bxc4 Nxc4 17. Qxc4 Nd5 18. Qd3 O-O 19. c4 Nxe3 20. Qxe3 Rad8 21. Rad1 Qa4 22. Qb3 Qxb3 23. axb3 Rd7 24. Rd2 $11 Rfd8 25. Rfd1 c6 26. Kf2 a5 27. Ke3 f5 28. exf6 gxf6 29. g4 Kf7 30. Ke4 Re8 31. Rd3 Rd6 32. R1d2 Red8 33. h3 R6d7 34. f5 exf5+ 35. Kxf5 Re8 36. Kf4 Kg6 37. d5 cxd5 38. cxd5 Rd6 39. Re3 Red8 40. Ke4 Re8+ 41. Kf4 Red8 42. Ke4 1/2-1/2

[Event "WYCC 2018 G16"]
[Site "Halkidiki"]
[Date "2018.10.22"]
[Round "4"]
[White "Beydullayeva, Govhar"]
[Black "Salonika, Saina"]
[Result "1/2-1/2"]
[ECO "E69"]
[WhiteElo "2202"]
[BlackElo "2093"]
[Annotator "NA"]
[PlyCount "133"]
[EventDate "2018.10.20"]
[EventType "swiss"]
[EventCountry "GRE"]
[SourceTitle "playchess.com"]
[Source "ChessBase"]
[SourceQuality "1"]
[TimeControl "40/5400+30:1800+30"]

1. d4 Nf6 2. Nf3 g6 3. g3 Bg7 4. Bg2 O-O 5. O-O d6 6. c4 Nbd7 7. Nc3 e5 8. e4 c6 9. h3 Qb6 10. d5 cxd5 11. cxd5 Nc5 12. Qe2 Bd7 13. Be3 a5 14. Rfc1 {[%emt 0:02:39] LiveBook: 6 Games} Rfc8 15. Nd2 a4 {[%emt 0:03:59] E69: King's Indian: Fianchetto: 6...Nbd7 7 0-0 e5 8 e4 c6 9 h3} 16. Rab1 (16. b4 Qxb4 17. Rab1 Nb3 18. axb3 Rxc3 19. Rxc3 Qxc3 20. bxa4 Rxa4 21. Rxb7 Qc8 22. Rb6 Bxh3 23. Qd1 Bxg2 24. Kxg2 {½-½ (42) Grachev,B (2668)-Markus,R (2624) Sibenik 2010}) 16... Qb4 17. Kh2 $146 ({Predecessor:} 17. a3 Qa5 {½-½ (17) Akesson,J (2360)-Olsson,A (2426) Gothenburg 2004}) 17... Rab8 18. a3 Qa5 19. Bxc5 dxc5 20. Nc4 Qc7 21. d6 Qc6 22. Nxe5 Qxd6 23. Nxd7 Qxd7 24. e5 Ne8 25. Rd1 Qe7 26. f4 Nc7 27. Nxa4 b5 $16 28. Nc3 f6 29. exf6 Qxe2 30. Nxe2 Bxf6 31. Rd7 b4 32. a4 c4 33. Rc1 c3 34. bxc3 bxc3 35. Nxc3 Na6 36. Ne2 Rxc1 37. Nxc1 Nc5 38. Rd6 Bb2 39. Nd3 Nxa4 40. Ne5 Bxe5 41. fxe5 Nb6 42. h4 Kf8 43. e6 Ke7 44. Rc6 Rb7 45. Kh3 Kf6 46. Kg4 Rb8 47. Kf4 Nc8 48. g4 h6 49. e7+ Kxe7 50. Rxg6 Rb6 51. Rg7+ Kf6 52. Rh7 Rb4+ 53. Kg3 Kg6 54. Rd7 Kf6 55. Rh7 Kg6 56. Rc7 Nd6 57. Rc6 Rd4 58. Kf3 Kg7 59. Rc7+ Nf7 60. Kg3 Kf6 61. Rc6+ Kg7 62. Re6 Rd3+ 63. Kf4 Rd4+ 64. Kg3 Rd3+ 65. Bf3 Rd4 66. Re1 Kf6 67. Ra1 1/2-1/2

[Event "WYCC 2018 G16"]
[Site "Halkidiki"]
[Date "2018.10.22"]
[Round "4"]
[White "Getman, Tatyana"]
[Black "Jarocka, Liwia"]
[Result "1/2-1/2"]
[ECO "D37"]
[WhiteElo "2195"]
[BlackElo "1990"]
[Annotator "NA"]
[PlyCount "133"]
[EventDate "2018.10.20"]
[EventType "swiss"]
[EventCountry "GRE"]
[SourceTitle "playchess.com"]
[Source "ChessBase"]
[SourceQuality "1"]
[TimeControl "40/5400+30:1800+30"]

1. d4 Nf6 2. c4 e6 3. Nf3 d5 4. Nc3 dxc4 5. e4 b5 {[%emt 0:00:37] D24: Queen's Gambit Accepted: 3 Nf3 Nf6 4 Nc3} 6. e5 Nd5 7. Nxb5 Nb6 8. Bg5 (8. Be2 Nc6 9. O-O Be7 10. Qd2 O-O 11. Qf4 Rb8 12. Nc3 f5 13. Qg3 {1-0 (38) Ding,L (2804)-Duda,J (2739) Batumi 2018}) 8... Qd7 $146 ({Predecessor:} 8... Be7 9. Qd2 Nc6 10. Rc1 Ba6 11. Bxe7 Qxe7 12. a4 Nxa4 13. Bxc4 {1-0 (27) Stupak,K (2542)-Cornette,M (2593) Rochefort 2017}) 9. Nc3 Nc6 10. Be2 Bb7 11. O-O h6 12. Be3 Be7 13. Rc1 Rb8 14. Ne1 Nb4 15. Qd2 c5 16. Rd1 Rd8 17. Qc1 cxd4 18. Rxd4 Qc7 19. Rxd8+ Bxd8 20. Bd4 Ba6 21. Qd2 Be7 22. Bf3 O-O 23. a3 Nc6 24. Bxc6 Qxc6 25. Qf4 Bb7 26. Qg4 Rd8 27. Be3 $15 Kh8 28. Nf3 Qc7 29. Ne2 Bc5 30. Bf4 Nd5 31. Bc1 Ne7 32. Nc3 Ng6 33. Qg3 Bxf3 34. Qxf3 Nxe5 35. Qg3 Rd3 36. Qf4 Bd6 37. Nb5 Qb8 38. Nxd6 Qxd6 39. h3 Rd1 40. Rxd1 Qxd1+ 41. Kh2 Nd3 42. Qb8+ Kh7 43. Be3 Qb3 44. Qxa7 Qxb2 45. Bd4 Qe2 46. Qxf7 e5 47. Qf5+ Kg8 48. Bc3 Qa2 49. Qc8+ Kh7 50. Qf8 Qb3 51. Ba5 Qb5 52. Qf5+ Kh8 53. Bc3 Qb3 54. Bd2 Qc2 55. Be3 Qb3 56. Qf8+ Kh7 57. Qf5+ Kh8 58. Qc8+ Kh7 59. Kg3 Qb5 60. Qf5+ Kh8 61. Qf8+ Kh7 62. Kg4 Qc6 63. Qf5+ Kh8 64. f3 Ne1 65. Qf8+ Kh7 66. Qf5+ Kh8 67. Qf8+ 1/2-1/2

[Event "WYCC 2018 G16"]
[Site "Halkidiki"]
[Date "2018.10.22"]
[Round "4"]
[White "Berdnyk, Mariia"]
[Black "De Silva, Tenara"]
[Result "1-0"]
[ECO "B09"]
[WhiteElo "2179"]
[BlackElo "1927"]
[Annotator "NA"]
[PlyCount "75"]
[EventDate "2018.10.20"]
[EventType "swiss"]
[EventCountry "GRE"]
[SourceTitle "playchess.com"]
[Source "ChessBase"]
[SourceQuality "1"]
[TimeControl "40/5400+30:1800+30"]

1. e4 d6 2. d4 g6 3. Nc3 Bg7 4. f4 Nf6 5. Bd3 O-O 6. Nf3 Na6 7. O-O c5 8. d5 Bg4 9. h3 Bxf3 10. Qxf3 Nc7 11. Be3 Rb8 12. a4 a6 13. a5 {[%emt 0:10:26] B09: Pirc Defence: Austrian Attack} Nd7 14. Nd1 {[%emt 0:06:32] [#]} b5 $146 ({Predecessor:} 14... e6 15. c4 b6 16. axb6 Rxb6 {0-1 (56) Sheng,J (2236)-Corrales Jimenez,F (2566) Orlando 2014}) 15. axb6 Rxb6 16. c3 Nb5 17. Bf2 Qc7 18. Ne3 Ra8 19. Bh4 Bf6 20. Bxf6 exf6 21. Nc4 Rbb8 22. Rad1 Nb6 23. Ne3 Re8 24. Ng4 $18 Kg7 25. e5 f5 26. Nf6 Re7 27. Bxb5 axb5 28. g4 fxg4 29. hxg4 h6 30. exd6 Qxd6 31. Ne4 Qd8 32. f5 Kh7 33. d6 Rea7 34. fxg6+ fxg6 35. d7 Qe7 36. Nf6+ Kg7 37. Rde1 Qd8 38. Ne8+ 1-0

[Event "WYCC 2018 G16"]
[Site "Halkidiki"]
[Date "2018.10.22"]
[Round "4"]
[White "Goltseva, Ekaterina"]
[Black "Srdanovic, Jovana"]
[Result "0-1"]
[ECO "D10"]
[WhiteElo "2169"]
[BlackElo "2072"]
[Annotator "NA"]
[PlyCount "124"]
[EventDate "2018.10.20"]
[EventType "swiss"]
[EventCountry "GRE"]
[SourceTitle "playchess.com"]
[Source "ChessBase"]
[SourceQuality "1"]
[TimeControl "40/5400+30:1800+30"]

1. d4 d5 2. c4 c6 3. cxd5 cxd5 4. Bf4 Nc6 5. e3 Nf6 6. Nc3 e6 7. Bd3 Be7 8. h3 Bd7 9. Nf3 a6 10. O-O O-O 11. Rc1 Rc8 12. Ne5 Be8 13. Bg5 {[%emt 0:04:22] D13: Slav Defence: Exchange variation without ...Bf5} Nd7 (13... h6 14. Bh4 Nd7 15. Nxc6 Rxc6 16. Bxe7 Qxe7 17. Na4 Nf6 18. Qb3 Rxc1 19. Rxc1 Bxa4 20. Qxa4 Qd6 {½-½ (20) Artemiev,V (2663)-Vitiugov,N (2721) Sochi 2016}) 14. Bxe7 $146 ({Predecessor:} 14. Nxc6 Rxc6 15. Bxe7 Qxe7 16. f4 f5 17. a3 Qh4 18. Be2 Nf6 19. Qe1 Qh6 20. Na2 g5 21. Rxc6 Bxc6 {0-1 (35) Kuempers,U-Laengl,M Cattolica 1992}) 14... Nxe7 15. f4 f6 16. Nf3 Nb6 17. Nh4 Nc6 18. Qe2 Bf7 19. Nf3 Qd7 20. Qf2 Qe8 21. Rfe1 $11 Bg6 22. e4 Nb4 23. Bb1 Qd7 24. Rcd1 Rfe8 25. a3 dxe4 26. Nxe4 N4d5 27. Nh4 Bf7 28. g3 Na4 29. Kh2 Rc7 30. Rd2 Rec8 31. Qf1 Ne7 32. Qd3 Ng6 33. Nf3 Nf8 34. Ba2 Rd8 35. Red1 Ng6 36. b3 Nb6 37. b4 Nd5 38. Nc5 Qc8 39. Qb3 b6 40. Na4 Nc3 41. Rc1 Nxa2 42. Rxc7 Qxc7 43. Qxa2 Qc6 44. Qb3 e5 45. d5 Rxd5 46. Rc2 Qb7 47. Qe3 exf4 48. gxf4 Rd6 49. Rd2 Re6 50. Rd8+ Nf8 51. Qd3 Qc7 52. Rd4 Qc1 53. Nd2 Re1 54. Qf3 Rd1 55. Qg2 Qxa3 56. Nxb6 Qe3 57. Re4 Qxd2 58. Qxd2 Rxd2+ 59. Kg3 h5 60. f5 Nd7 61. Nc8 Ne5 62. Nb6 Rd3+ 0-1

[Event "WYCC 2018 G16"]
[Site "Halkidiki"]
[Date "2018.10.22"]
[Round "4"]
[White "Bach, Ngoc Thuy Duong"]
[Black "Maltsevskaya, Aleksandra"]
[Result "0-1"]
[ECO "E97"]
[WhiteElo "2161"]
[BlackElo "2290"]
[Annotator "NA"]
[PlyCount "102"]
[EventDate "2018.10.20"]
[EventType "swiss"]
[EventCountry "GRE"]
[SourceTitle "playchess.com"]
[Source "ChessBase"]
[SourceQuality "1"]
[TimeControl "40/5400+30:1800+30"]

1. d4 Nf6 2. c4 g6 3. Nc3 Bg7 4. e4 d6 5. Nf3 O-O 6. Be2 e5 7. O-O Nc6 8. d5 Ne7 9. b4 Nh5 10. g3 f5 11. Ng5 Nf6 12. f3 f4 13. Kg2 c6 {[%emt 0:00:59] E97: King's Indian: Classical Main Line (6...e5 7 0-0 Nc6): 8 Be3 and 8 d5 Ne7, not 9 Ne1} (13... Ne8 14. c5 a5 15. b5 dxc5 16. Qb3 Nd6 17. Rd1 b6 18. Ne6 Bxe6 19. dxe6 Kh8 20. Bb2 g5 21. g4 {1-0 (40) Eljanov,P (2723)-Onischuk,V (2593) Kocaeli 2014}) 14. Qb3 h6 15. Ne6 Bxe6 16. dxe6 {[%emt 0:00:06] LiveBook: 3 Games} fxg3 17. hxg3 Qc8 18. Rd1 Rd8 19. Be3 Qxe6 20. Rd2 Kh7 21. Rad1 $146 ({Predecessor:} 21. Rh1 Nh5 22. Rhd1 Nf6 23. Rh1 Nh5 {½-½ (23) Csiszar,Z (2304)-Katai,D (2211) Hungary 2007}) 21... Rd7 22. a4 h5 23. Rh1 Bh6 24. Nd1 g5 25. Nf2 Ng6 26. Nh3 Rg8 27. Bxg5 Nf4+ 28. Nxf4 exf4 29. gxf4 Bxg5 30. fxg5 Rxg5+ 31. Kf1 Qe5 32. Ke1 Rdg7 33. Qe3 Qg3+ 34. Qf2 $15 Qf4 35. Rh4 Qe5 36. Qd4 Rg1+ 37. Bf1 Qg5 38. Rhh2 c5 39. bxc5 dxc5 40. Qc3 Rxf1+ 41. Kxf1 Qg1+ 42. Ke2 Qxh2+ 43. Kd1 Qf4 44. e5 Nd7 45. Rd5 Qf5 46. e6 Qxe6 47. Rxh5+ Kg8 48. Qd3 Nf6 49. Qd8+ Kf7 50. Qc7+ Qd7+ 51. Qxd7+ Nxd7 0-1

[Event "WYCC 2018 G16"]
[Site "Halkidiki"]
[Date "2018.10.22"]
[Round "4"]
[White "Gomez Barrera, Javiera Belen"]
[Black "Hajiyeva, Laman"]
[Result "0-1"]
[ECO "C11"]
[WhiteElo "2136"]
[BlackElo "1916"]
[Annotator "NA"]
[PlyCount "148"]
[EventDate "2018.10.20"]
[EventType "swiss"]
[EventCountry "GRE"]
[SourceTitle "playchess.com"]
[Source "ChessBase"]
[SourceQuality "1"]
[TimeControl "40/5400+30:1800+30"]

1. e4 e6 2. d4 d5 3. Nc3 Nf6 4. e5 Nfd7 5. Nce2 c5 6. f4 Nc6 7. c3 Qb6 8. Nf3 f6 9. h4 cxd4 10. cxd4 fxe5 11. fxe5 Bb4+ 12. Bd2 O-O 13. Bxb4 Qxb4+ 14. Qd2 Nb6 15. b3 a5 16. Rb1 a4 $11 17. Qxb4 Nxb4 18. Nc3 a3 19. Kd2 Bd7 20. Be2 Nc8 21. g4 Ne7 22. Rbc1 Ng6 23. Ke3 Nf4 24. Bf1 h5 25. gxh5 Be8 26. Rg1 Bxh5 27. Ng5 Rac8 28. Bb5 Rc7 29. Rg3 Rf5 30. Rgg1 Nh3 31. Rg3 Nxg5 32. hxg5 Rcf7 33. Kd2 Rf2+ 34. Ne2 Nc6 35. g6 Rf8 36. Ke3 Bxe2 37. Bxe2 Nxd4 38. Kxd4 Rxe2 39. Rc7 Rxa2 40. Rxb7 Re2 41. Ra7 a2 42. b4 Rc2 43. Rga3 Rc4+ 44. Kd3 Rxb4 45. R7a6 Rg4 46. Rxa2 Rxg6 47. Kd4 Rc8 48. Rh2 Rc4+ 49. Kd3 Rg3+ 50. Kd2 Rb4 51. Kc2 Rgb3 52. Rh5 Kf7 53. Rh8 Rb6 54. Ra7+ Kg6 55. Re7 Rf3 56. Rhe8 Kf5 57. Rf8+ Ke4 58. Rxf3 Kxf3 59. Rxg7 Kf4 60. Kd3 Kxe5 61. Rg5+ Kd6 62. Rg6 Kc5 63. Ke3 e5 64. Rg5 Rb3+ 65. Kd2 Kd4 66. Rg4+ e4 67. Kc2 Rf3 68. Rg5 Rf2+ 69. Kd1 e3 70. Ke1 Ra2 71. Kd1 Ke4 72. Rh5 d4 73. Rc5 Ra1+ 74. Kc2 e2 0-1

[Event "WYCC 2018 G16"]
[Site "Halkidiki"]
[Date "2018.10.22"]
[Round "4"]
[White "Cervantes Landeiro, Thalia"]
[Black "Makhija, Aashna"]
[Result "1-0"]
[ECO "E21"]
[WhiteElo "2129"]
[BlackElo "2197"]
[Annotator "NA"]
[PlyCount "55"]
[EventDate "2018.10.20"]
[EventType "swiss"]
[EventCountry "GRE"]
[SourceTitle "playchess.com"]
[Source "ChessBase"]
[SourceQuality "1"]
[TimeControl "40/5400+30:1800+30"]

1. d4 Nf6 2. c4 e6 3. Nc3 Bb4 4. Nf3 O-O 5. Bg5 c5 6. e3 cxd4 7. exd4 d5 8. cxd5 Qa5 9. Bd2 Nxd5 10. a3 Bxc3 11. bxc3 Qc7 12. c4 Nf6 13. Bd3 b6 14. O-O Nbd7 15. a4 Bb7 16. Re1 Rfd8 17. Qe2 h6 18. a5 Bc6 19. h3 Qb7 20. a6 Qc7 21. Qe3 Kh8 22. Rac1 Rac8 23. Bc3 Qb8 24. d5 exd5 25. Ne5 Kg8 26. Nxf7 Kxf7 27. Qe6+ Kf8 28. Bg6 1-0

[Event "WYCC 2018 G16"]
[Site "Halkidiki"]
[Date "2018.10.22"]
[Round "4"]
[White "Ouellet, Maili-Jade"]
[Black "Golsta, Ramona"]
[Result "1-0"]
[ECO "D32"]
[WhiteElo "2122"]
[BlackElo "1681"]
[Annotator "NA"]
[PlyCount "45"]
[EventDate "2018.10.20"]
[EventType "swiss"]
[EventCountry "GRE"]
[SourceTitle "playchess.com"]
[Source "ChessBase"]
[SourceQuality "1"]
[TimeControl "40/5400+30:1800+30"]

1. d4 d5 2. c4 e6 3. Nc3 c5 4. e3 Nc6 5. Nf3 Nf6 6. a3 a6 7. dxc5 Bxc5 8. b4 Be7 9. Bb2 O-O 10. Qc2 dxc4 11. Bxc4 b5 12. Bd3 Bb7 13. O-O Rc8 14. Rfd1 Qc7 15. Rac1 h6 16. Ne4 Nxe4 17. Bxe4 Qb6 18. Qe2 Rfd8 $14 19. Nd4 Bf6 20. Nxc6 Rxd1+ 21. Qxd1 Bxc6 22. Bxf6 gxf6 23. Qd6 1-0

[Event "WYCC 2018 G16"]
[Site "Halkidiki"]
[Date "2018.10.22"]
[Round "4"]
[White "Palma, Maria"]
[Black "Sabiani, Chjara"]
[Result "1-0"]
[ECO "A16"]
[WhiteElo "2106"]
[BlackElo "1778"]
[Annotator "NA"]
[PlyCount "73"]
[EventDate "2018.10.20"]
[EventType "swiss"]
[EventCountry "GRE"]
[SourceTitle "playchess.com"]
[Source "ChessBase"]
[SourceQuality "1"]
[TimeControl "40/5400+30:1800+30"]

1. c4 Nf6 2. Nc3 g6 3. g3 Bg7 4. Bg2 O-O 5. e3 d6 6. Nge2 e5 7. d3 c6 8. O-O Be6 9. b3 Qd7 10. Ba3 Bh3 11. d4 Bxg2 12. Kxg2 e4 13. Rc1 Bh6 14. b4 d5 15. b5 Re8 16. Qb3 Qg4 17. Ng1 dxc4 18. Qxc4 Qh5 19. bxc6 bxc6 20. Rb1 Nd5 21. Nxd5 Qxd5 22. Rfc1 Rd8 23. Rb7 Rd7 24. Qxd5 Rxd5 25. Rc7 Nd7 26. R1xc6 Nb6 27. Bc5 Bf8 28. Ne2 Na4 29. Bxf8 Kxf8 30. Ra6 Nb2 31. Nc3 Rf5 32. Nxe4 Nd1 33. g4 Rb5 34. Rf6 Nxe3+ 35. fxe3 Rb2+ 36. Kg3 Rxa2 37. Rfxf7+ 1-0

[Event "WYCC 2018 G16"]
[Site "Halkidiki"]
[Date "2018.10.22"]
[Round "4"]
[White "Kucharska, Honorata"]
[Black "Nayberg, Simona"]
[Result "1-0"]
[ECO "B03"]
[WhiteElo "2073"]
[BlackElo "1857"]
[Annotator "NA"]
[PlyCount "87"]
[EventDate "2018.10.20"]
[EventType "swiss"]
[EventCountry "GRE"]
[SourceTitle "playchess.com"]
[Source "ChessBase"]
[SourceQuality "1"]
[TimeControl "40/5400+30:1800+30"]

1. e4 Nf6 2. e5 Nd5 3. c4 Nb6 4. d4 d6 5. exd6 exd6 6. Bd3 Nc6 7. Ne2 Be7 8. O-O O-O 9. Nbc3 Bf6 10. Be3 Nb4 {[%emt 0:01:07] B03: Aljechin-Verteidigung (Vierbauernvariante)} 11. b3 (11. Ng3 d5 12. c5 Nc4 13. Bb1 Nc6 14. Qh5 g6 15. Qxd5 Be6 16. Qxd8 Raxd8 17. Be4 Nxd4 18. Bxb7 {0-1 (73) Ganguly,S (2613)-Shimanov,A (2606) St Petersburg 2014}) 11... Re8 12. Bb1 c6 13. a3 $146 ({Vorgänger:} 13. Qd2 d5 14. c5 Nd7 15. a3 {0-1 (47) Suito Nakasone,C (1946)-Nayberg,S (1749) Montevideo 2017}) 13... Na6 14. Ra2 d5 15. c5 Nd7 16. b4 Nc7 17. a4 Ne6 18. Ng3 g6 19. Qd3 Ng7 20. b5 Nf8 21. Qd2 Nge6 22. Nce2 Qe7 23. Rb2 Bd7 24. Rb3 Reb8 25. Bd3 b6 26. bxc6 Bxc6 27. Rfb1 Nd7 28. cxb6 axb6 29. Bb5 Bxb5 $14 30. Rxb5 Rxa4 31. Nc3 Ra6 32. Nxd5 Qd6 33. Ne4 Qa3 34. Nexf6+ Nxf6 35. Nxf6+ Kg7 36. Ne4 Rc8 37. d5 Nc7 38. Qd4+ f6 39. Qxf6+ Kg8 40. Bh6 Ne8 41. Qe6+ Kh8 42. Qxc8 Ra8 43. Qc3+ Qxc3 44. Nxc3 1-0

[Event "WYCC 2018 G16"]
[Site "Halkidiki"]
[Date "2018.10.22"]
[Round "4"]
[White "Meenal Gupta"]
[Black "Kalyva, Kyriaki"]
[Result "1-0"]
[ECO "B30"]
[WhiteElo "2065"]
[BlackElo "1779"]
[Annotator "NA"]
[PlyCount "115"]
[EventDate "2018.10.20"]
[EventType "swiss"]
[EventCountry "GRE"]
[SourceTitle "playchess.com"]
[Source "ChessBase"]
[SourceQuality "1"]
[TimeControl "40/5400+30:1800+30"]

1. e4 c5 2. Nf3 Nc6 3. Bb5 d6 4. Bxc6+ bxc6 5. O-O e5 6. Re1 Nf6 7. d3 Be7 8. c3 Bg4 9. Nbd2 O-O 10. b3 Re8 11. Nf1 Qc7 12. h3 Bh5 13. Ng3 Bg6 14. Nh4 d5 15. Nhf5 Bf8 16. Qf3 Qa5 17. Bb2 c4 18. dxc4 dxc4 19. b4 Qb5 20. a4 Qb7 21. Qe2 a5 22. Qxc4 axb4 23. Ne3 Ra5 24. Qb3 Rb8 25. Re2 Qa6 26. Nc2 Nxe4 27. Rxe4 Bxe4 28. Nxe4 c5 29. cxb4 cxb4 30. Rd1 h6 31. Ne3 Qc6 32. Nc4 Ra7 33. Bxe5 Re8 34. Bd4 Rc7 35. Ncd2 Qc2 36. Qxc2 Rxc2 37. f3 Rd8 38. Bb6 Rd3 39. g4 b3 40. Kf2 Bb4 41. Ke2 Rd7 42. Be3 b2 43. Rb1 Kf8 44. Kd1 Rdc7 45. Nb3 Rh2 46. Bc5+ Kg8 47. Bxb4 Rc4 48. Bd2 Rxh3 49. Rxb2 Rxa4 50. Ke2 Ra6 51. Nbc5 Rc6 52. Rb8+ Kh7 53. Nd7 f6 54. Nf8+ Kg8 55. Ne6+ Kh7 56. Nf4 Rh1 57. Rb7 Ra6 58. Bc3 1-0

[Event "WYCC 2018 G16"]
[Site "Halkidiki"]
[Date "2018.10.22"]
[Round "4"]
[White "Sankova, Stella"]
[Black "Nemcova, Karin"]
[Result "1/2-1/2"]
[ECO "B01"]
[WhiteElo "2051"]
[BlackElo "1888"]
[Annotator "NA"]
[PlyCount "111"]
[EventDate "2018.10.20"]
[EventType "swiss"]
[EventCountry "GRE"]
[SourceTitle "playchess.com"]
[Source "ChessBase"]
[SourceQuality "1"]
[TimeControl "40/5400+30:1800+30"]

1. e4 d5 2. exd5 Qxd5 3. Nc3 Qd6 4. d4 Nf6 $16 {[%emt 0:00:00] LiveBook: 3515 Games} 5. Nf3 c6 6. Ne5 Nbd7 7. Nc4 Qc7 8. Qf3 Nb6 9. Bf4 Qd7 10. Be5 Qg4 11. Qe3 Nfd5 12. Nxd5 Nxd5 13. Qd2 Bf5 14. Be2 Qg6 15. O-O-O f6 16. Bg3 h5 17. h4 Qh6 18. Ne3 Nxe3 19. fxe3 O-O-O 20. Bf4 g5 21. hxg5 fxg5 22. Rxh5 Qe6 23. Rxh8 gxf4 24. exf4 Qxa2 25. Qc3 e5 26. fxe5 Be7 27. Rxd8+ Bxd8 28. Qa3 Bg5+ 29. Rd2 Qg8 30. Bf3 Qh8 31. Bd1 Qh6 32. Qb4 Be3 33. Qc3 Kb8 34. g4 Be4 35. b3 Bg5 36. Be2 a6 37. Qb4 Ka8 38. c4 Qh1+ 39. Bd1 Qe1 40. Qc3 Be3 41. b4 Bf3 42. Kc2 Be4+ 43. Rd3 Qf2+ 44. Kb3 Bxd3 45. Qxd3 Bxd4 46. Be2 Bxe5 47. b5 Qd4 48. Qxd4 Bxd4 49. bxa6 bxa6 50. Kb4 c5+ 51. Ka5 Ka7 52. g5 Bc3+ 53. Ka4 Kb6 54. Bf3 Bd4 55. g6 Be5 56. Bd5 1/2-1/2

[Event "WYCC 2018 G16"]
[Site "Halkidiki"]
[Date "2018.10.22"]
[Round "4"]
[White "Cramling Bellon, Anna"]
[Black "Simkunaite, Gabija"]
[Result "1/2-1/2"]
[ECO "A52"]
[WhiteElo "2025"]
[BlackElo "1650"]
[Annotator "NA"]
[PlyCount "148"]
[EventDate "2018.10.20"]
[EventType "swiss"]
[EventCountry "GRE"]
[SourceTitle "playchess.com"]
[Source "ChessBase"]
[SourceQuality "1"]
[TimeControl "40/5400+30:1800+30"]

1. d4 Nf6 2. c4 e5 3. dxe5 Ng4 4. Bf4 Nc6 5. Nf3 Bb4+ 6. Nbd2 Qe7 7. e3 Ngxe5 8. Nxe5 Nxe5 9. Be2 d6 10. O-O O-O 11. Nb3 Rd8 {[%emt 0:08:36] A52: Budapest Gambit} (11... Nd7 12. a3 Bc5 13. Nxc5 Nxc5 14. b4 Ne6 15. Bg3 a5 16. Qc2 Qf6 17. c5 axb4 18. cxd6 cxd6 19. Qc4 Rxa3 20. Rxa3 bxa3 21. Bxd6 {½-½ (57) Ashwin,J (2495)-Jacobson,B (2472) Charlotte 2018}) 12. Qc2 Bd7 13. a3 Bc5 14. Nxc5 dxc5 15. Qc3 f6 $146 ({Predecessor:} 15... Re8 16. Rad1 Bc6 17. Bxe5 Qxe5 18. Qxe5 Rxe5 19. Rd2 {0-1 (60) Avsitidiysky,A-Panayiotou,M Limassol 2009}) 16. b4 cxb4 17. axb4 Bf5 18. Bxe5 Qxe5 19. Qxe5 fxe5 20. Ra5 Re8 21. f4 Bd7 22. Rd1 Bc6 23. Rxe5 Rxe5 24. fxe5 Re8 25. Bh5 g6 26. Bf3 Bxf3 27. gxf3 Rxe5 28. Rd7 b5 29. cxb5 Rxb5 30. Rxc7 a6 31. Rc6 Rxb4 32. Rxa6 $16 Rb2 33. Ra7 g5 34. h3 h6 35. e4 Rc2 36. Rb7 Ra2 37. Rc7 Rb2 38. Rd7 Rc2 39. Re7 Rb2 40. Rc7 Ra2 41. Rc1 Kf7 42. Rf1 Ke6 43. Rf2 Ra1+ 44. Kg2 Ke5 45. Kg3 h5 46. h4 g4 47. fxg4 hxg4 48. Kxg4 Rg1+ 49. Kf3 Rh1 50. Rg2 Rxh4 51. Rg5+ Ke6 52. Ke3 Rh1 53. Kd3 Rd1+ 54. Ke2 Rh1 55. Rf5 Ra1 56. Rd5 Rh1 57. Ke3 Re1+ 58. Kf3 Rf1+ 59. Ke2 Rh1 60. Kd2 Ra1 61. Rb5 Rh1 62. Kd3 Rd1+ 63. Ke3 Re1+ 64. Kf3 Rf1+ 65. Ke2 Ra1 66. Rc5 Rh1 67. Kd2 Ra1 68. Kc2 Rh1 69. Rd5 Re1 70. Kd3 Rd1+ 71. Kc4 Rc1+ 72. Kd4 Rd1+ 73. Kc5 Rc1+ 74. Kb5 Re1 1/2-1/2